 Dungeon Crawl Stone Soup version 0.27.0-1-g7a089689b8 (webtiles) character file.

Game seed: 5159526687093123042

96 RandomAHole the Skirmisher (level 4, -5/42 HPs)
             Began as a Minotaur Berserker on Aug 14, 2021.
             Was a Believer of Trog.
             Killed by divine providence
             ... invoked by an orc priest
              (13 damage)
             ... on level 3 of the Dungeon.
             The game lasted 00:21:05 (2042 turns).

RandomAHole the Skirmisher (Minotaur Berserker)     Turns: 2042, Time: 00:21:05

Health: -5/42      AC: 10    Str: 23    XL:     4   Next: 41%
Magic:  3/3        EV:  8    Int:  4    God:    Trog [**....]
Gold:   81         SH:  0    Dex:  9    Spells: 3/3 levels left

rFire    . . .     SeeInvis .   a - +0 falchion
rCold    . . .     Faith    .   (no shield)
rNeg     . . .     Spirit   .   i - +0 chain mail
rPois    .         Reflect  .   (helmet restricted)
rElec    .         Harm     .   (no cloak)
rCorr    .         Rampage  .   d - +0 pair of gloves
Will     .....                  (no boots)
Stlth    ..........             (no amulet)
HPRegen  0.14/turn              (no ring)
MPRegen  0.08/turn              (no ring)

@: confused
A: horns 2, retaliatory headbutt
a: Renounce Religion, Berserk, Trog's Hand


You were on level 3 of the Dungeon.
You worshipped Trog.
Trog was pleased with you.
You visited 1 branch of the dungeon, and saw 3 of its levels.

You collected 81 gold pieces.

Inventory:

Hand Weapons
 a - a +0 falchion (weapon)
Armour
 b - a +0 animal skin
 d - a +0 pair of gloves (worn)
 i - a +0 chain mail (worn)
Scrolls
 f - 2 scrolls of identify
Potions
 c - a potion of curing {unknown}
 e - a potion of heal wounds
 g - a potion of brilliance {unknown}
 h - a potion of lignification {unknown}


   Skills:
 + Level 5.1 Fighting
 + Level 4.7 Long Blades
 + Level 2.5 Armour
 + Level 2.8 Dodging


You had 3 spell levels left.
You didn't know any spells.
Your spell library contained the following spells:

 Spells                   Type           Power      Damage    Failure   Level
 Corpse Rot               Necr/Air       N/A        N/A       100%        2
 Poisonous Vapours        Pois/Air       0%         N/A       100%        2
 Freezing Cloud           Conj/Ice/Air   0%         6-21      100%        5


Dungeon Overview and Level Annotations

Branches:
Dungeon (3/15)

Altars:


Innate Abilities, Weirdness & Mutations

You have a pair of horns on your head.
You reflexively headbutt those who attack you in melee.


Message History

Trog appreciates your killing of a magic user.
You hear a faint echoing roar filled with hate and sorrow!
The crimson imp disappears in a puff of smoke!
A magic dart appears from out of thin air!
The magic dart hits you but does no damage.
Your Fighting skill increases to level 5!
You hear some strange, mumbled words.
A magic dart appears from out of thin air!
The magic dart hits you.
You miss something. Your headbutt misses something.
Something hits you but does no damage.
You miss something.
You hear some strange, mumbled words.
A magic dart appears from out of thin air!
The magic dart hits you.
You miss something. Your headbutt misses something.
Something hits you but does no damage.
An orc priest comes into view.
It is wielding a +2 short sword of draining.
You miss something.
The orc priest shouts!
You hear a shout!
Something hits you but does no damage.
The orc priest invokes the aid of Beogh against you.
Beogh smites you!
* * * LOW HITPOINT WARNING * * *
You see here a +0 war axe.
You miss something. Your headbutt misses something.
Something hits you but does no damage.
You miss something. Your headbutt misses something.
Something hits you but does no damage.
You miss something. You headbutt something. Something hits you.
* * * LOW HITPOINT WARNING * * *
You hit something. You headbutt something.
You hear some strange, mumbled words.
You are confused.
Something hits you.
* * * LOW HITPOINT WARNING * * *
You bump into the rock wall.
The orc priest calls down the wrath of Beogh upon you.
Beogh smites you!
You die...

.....##......###.....##.#
#.....{..h####'##....#
#.....o..#......).#....#
#........#........#....#
..........#........###...(
....{.h...#...o....# ..#..
..........#........# ..#..
....o.....########.###..#
.o.o.....###..@)oo......#
#.######.###... #. ... #.
..... #. ....... #.
....... ## ....... ...#...


You could see an orc priest and an orc.

Vanquished Creatures
  Natasha (D:3)
  2 adders
  A worm (D:2)
  An orc (D:3)
  8 ball pythons
  4 bats
  3 endoplasms (D:2)
  2 giant cockroaches
  6 goblins
  4 hobgoblins
  4 jackals (D:2)
  4 kobolds
  A frilled lizard (D:2)
  5 rats (D:1)
46 creatures vanquished.

Notes
Turn   | Place    | Note
-------+----------+-------------------------------------------
     0 | D:1      | RandomAHole the Minotaur Berserker began the quest for the
                  | Orb.
     0 | D:1      | Reached XP level 1. HP: 19/19 MP: 0/0
   168 | D:1      | Reached XP level 2. HP: 10/27 MP: 1/1
   172 | D:1      | Reached skill level 4 in Fighting
  1011 | D:2      | Reached XP level 3. HP: 32/34 MP: 2/2
  1036 | D:2      | Reached ** piety under Trog
  1961 | D:3      | Reached XP level 4. HP: 34/41 MP: 3/3
  2000 | D:3      | Noticed Natasha
  2030 | D:3      | Killed Natasha
  2031 | D:3      | Reached skill level 5 in Fighting
  2042 | D:3      | Killed from afar by an orc priest

Illustrated notes

Levels and vault maps discovered:
D:1:      sevenhm_arrival_forest_fort_large_2, layout_basic, serial_glass,
          glass_columns_b, glass_columns_a, glass_columns_a, glass_columns_a,
          minivault_19, minmay_misc_feat_diagonals
D:2:      layout_basic, minmay_misc_feat_iff, minmay_hexomino_p4
D:3:      layout_basic, minmay_fractal_squares_gapless_5, uniq_natasha,
          uniq_sigmund

Skill      XL: |  1  2  3  4 |
---------------+-------------+-----
Long Blades    | 4 |  4.7
Fighting       | 4 5 |  5.1
Armour         | |  2.5
Dodging        | |  2.8

Action                   |  1- 3 |  4- 6 || total
-------------------------+-------+-------++-------
Melee: Falchion          |    77 |    21 ||    98
       Headbutt          |    11 |     2 ||    13
  Use: Potion            |     1 |       ||     1
       Scroll            |     2 |       ||     2
Armor: Animal skin       |    15 |       ||    15
       Chain mail        |     8 |    11 ||    19
Dodge: Dodged            |    47 |     6 ||    53
       Rpst.: Falchion   |     8 |       ||     8
